 Dungeon Crawl Stone Soup version 0.26.0-10-g1f06aea511 (webtiles) character file.

Game seed: 7573261055047418688

627 Borgoz the Slasher (level 7, -1/59 HPs)
             Began as a Ghoul Gladiator on Jan 30, 2021.
             Was an Initiate of Ashenzari.
             Splashed by a jelly's acid (8 damage)
             ... on level 5 of the Dungeon.
             The game lasted 00:06:23 (4215 turns).

Borgoz the Slasher (Ghoul Gladiator)                Turns: 4215, Time: 00:06:23

Health: -1/59      AC:  0    Str: 18    XL:     7   Next: 48%
Magic:  6/6        EV: 12    Int:  3    God:    Ashenzari [......]
Gold:   61         SH:  0    Dex: 12    Spells: 6/6 levels left

rFire    + . .     SeeInvis .   a - +0 long sword
rCold    + . .     Faith    +   (no shield)
rNeg     + + +     Spirit   .   q - +0 ring mail
rPois    ∞         Reflect  .   c - +0 helmet
rElec    .         Harm     .   (no cloak)
rCorr    .         Rampage  .   (no gloves)
Will     +....                  (no boots)
Stlth    +.........             e - amulet of faith
HPRegen  0.00/turn              l - ring of protection from fire
MPRegen  0.10/turn              r - ring of willpower

@: corroded
A: claws 1, cold resistance 1, negative energy resistance 3, inhibited
regeneration, torment resistance, unbreathing
a: Renounce Religion, Curse Item


You were on level 5 of the Dungeon.
You worshipped Ashenzari.
Ashenzari was noncommittal.
You visited 1 branch of the dungeon, and saw 5 of its levels.

You collected 274 gold pieces.
You spent 213 gold pieces at shops.

Inventory:

Hand Weapons
 a - a +0 long sword (weapon)
Missiles
 d - a throwing net (quivered)
Armour
 c - a +0 helmet (worn)
 q - a +0 ring mail (worn)
Jewellery
 e - an amulet of faith (around neck)
 l - a ring of protection from fire (left claw)
 r - a ring of willpower (right claw)
Wands
 s - a wand of disintegration (36)
Scrolls
 b - a scroll of magic mapping {unknown}
 g - 2 scrolls of fog
 i - a scroll of remove curse
 j - 3 scrolls of blinking
 n - a scroll of noise {unknown}
 o - 3 scrolls of enchant armour {unknown}
 p - 2 scrolls of enchant weapon {unknown}
 t - 2 scrolls of teleportation {unknown}
 x - a scroll of immolation {unknown}
Potions
 f - a potion of resistance
 u - 2 potions of curing
 v - 2 potions of might
 z - 4 potions of magic
 A - a potion of invisibility {unknown}


   Skills:
 + Level 4.1 Fighting
 * Level 4.9 Long Blades
 - Level 1.7 Throwing
 * Level 3.9 Armour
 + Level 3.9 Dodging


You had 6 spell levels left.
You didn't know any spells.
Your spell library contained the following spells:

 Spells                   Type           Power        Failure   Level
 Shock                    Conj/Air       0%           71%         1
 Swiftness                Air            0%           85%         2
 Static Discharge         Conj/Air       0%           97%         3
 Airstrike                Air            0%           100%        4
 Lightning Bolt           Conj/Air       0%           100%        5


Dungeon Overview and Level Annotations

Branches:
Dungeon (5/15)
 Temple: D:4-7

Altars:
Ashenzari
Dithmenos
Okawaru
Qazlal
Trog
Uskayaw

Shops:
D:4 *


Innate Abilities, Weirdness & Mutations

You thrive by killing the living.
You are immune to poison.
You have sharp fingernails.
Your flesh is cold resistant. (rC+)
You are immune to negative energy. (rN+++)
You do not regenerate when monsters are visible.
You are immune to unholy pain and torment.
You can survive without breathing.


Message History

You slash the orc priest!
You kill the orc priest!
The jelly hits you but does no damage.
You hit the jelly. The acid corrodes you!
Your claws burn!
* * * LOW HITPOINT WARNING * * *
The jelly is moderately wounded.
The jelly hits you but does no damage.
You hit the jelly but do no damage.
Your claws burn!
* * * LOW HITPOINT WARNING * * *
The jelly is moderately wounded.
The jelly misses you.
Unknown command.
Evoke which item? (* to show all) (? for menu, Esc to quit)
Okay, then.
There is a stone staircase leading down here.
There is an escape hatch in the ceiling here.
The jelly hits you.
* * * LOW HITPOINT WARNING * * *
The acid corrodes you!
You are splashed with acid!
You die...

#.# #.##.# #.##)#
#.##o#
.##.##.#######.
#.......>.......
####.###.#######
######.#.......######
#...@J.o.............
#.#####..#......####.
#..#..#...####.
#..#...........
#............#.
#.###.#.#.##.#.
#..............
##.#..##.###.##
#..#.##.......


You could see a jelly and an orc.

Vanquished Creatures
  Sigmund (D:2)
  Menkaure (D:5)
  A sky beast (D:5)
  An orc priest (D:5)
  Natasha (twice) (D:2)
  2 worker ants (D:4)
  Terence (D:3)
  Robin (D:4)
  2 adders
  A dart slug (D:3)
  A leopard gecko (D:3)
  5 orcs
  A giant cockroach (D:5)
  16 goblins
  8 hobgoblins
  A quokka (D:2)
  2 ball pythons
  2 bats
  6 frilled lizards
  3 kobolds
  A quokka skeleton (D:4)
  6 rats
65 creatures vanquished.

Notes
Turn   | Place    | Note
-------+----------+-------------------------------------------
     0 | D:1      | Borgoz the Ghoul Gladiator began the quest for the Orb.
     0 | D:1      | Reached XP level 1. HP: 17/17 MP: 0/0
   344 | D:1      | Reached XP level 2. HP: 24/24 MP: 1/1
   476 | D:1      | Reached skill level 1 in Armour
   973 | D:2      | Noticed Sigmund
  1269 | D:3      | Noticed Terence
  1286 | D:3      | Killed Terence
  1287 | D:3      | Reached XP level 3. HP: 24/30 MP: 2/2
  1434 | D:2      | Noticed Natasha
  1447 | D:2      | Killed Natasha
  1448 | D:2      | Reached XP level 4. HP: 20/37 MP: 3/3
  1636 | D:2      | Killed Sigmund
  1637 | D:2      | Reached XP level 5. HP: 43/45 MP: 4/4
  1637 | D:2      | Reached XP level 6. HP: 49/51 MP: 5/5
  1751 | D:2      | Found a bloodstained altar of Trog.
  1886 | D:2      | Noticed Natasha
  1894 | D:2      | Killed Natasha
  2553 | D:3      | Found a broken altar of Ashenzari.
  2553 | D:3      | Found a hide-covered altar of Uskayaw.
  2556 | D:3      | Found an iron altar of Okawaru.
  2557 | D:3      | Found a stormy altar of Qazlal.
  2559 | D:3      | Found a shadowy altar of Dithmenos.
  2580 | D:3      | Became a worshipper of Ashenzari the Shackled
  3530 | D:4      | Found Uforikh's Assorted Antiques.
  3556 | D:4      | Bought a scroll labelled GIFOWK YSMULATH for 31 gold pieces
  3556 | D:4      | Bought a sapphire potion for 27 gold pieces
  3556 | D:4      | Bought a dented lapis lazuli amulet for 155 gold pieces
  3642 | D:4      | Noticed Robin
  3669 | D:4      | Killed Robin
  3880 | D:5      | Entered Level 5 of the Dungeon
  3890 | D:5      | Noticed a sky beast
  3896 | D:5      | Noticed Menkaure
  3911 | D:5      | Killed Menkaure
  3912 | D:5      | Reached XP level 7. HP: 21/58 MP: 6/6
  4215 | D:5      | Splashed by a jelly's acid

Illustrated notes

Levels and vault maps discovered:
D:1:      roderic_octagonal_star, layout_basic
D:2:      layout_basic, lemuel_doored_altar, uniq_sigmund, uniq_natasha
D:3:      minmay_bubble_buster, layout_loops_corners, minitemple, serial_rivers,
          chequers_serial_rivers_marsh, chequers_serial_rivers_room_b,
          chequers_serial_rivers_micro_d, chequers_serial_rivers_micro_e,
          chequers_serial_rivers_small_b, chequers_serial_rivers_marsh,
          uniq_terence
D:4:      layout_basic, serial_shops, shop, uniq_robin
D:5:      layout_loops_cross, marbit_many_paths, uniq_pikel, uniq_menkaure,
          uniq_edmund

Skill      XL: |  1  2  3  4  5  6  7 |
---------------+----------------------+-----
Armour         | 1 2 3 |  3.9
Long Blades    | 3 4 |  4.9
Dodging        | 3 |  3.9
Fighting       | 3 4 |  4.1
Throwing       | |  1.7

Action                   |  1- 3 |  4- 6 |  7- 9 || total
-------------------------+-------+-------+-------++-------
Melee: Long sword        |    69 |   131 |    27 ||   227
Throw: Throwing net      |     1 |     2 |     1 ||     4
  Use: Potion            |     3 |     4 |       ||     7
       Scroll            |       |     7 |       ||     7
Armor: Leather armour    |    17 |       |       ||    17
       Ring mail         |     7 |    72 |     9 ||    88
Dodge: Dodged            |    37 |    93 |     7 ||   137
       Rpst.: Long sword |     5 |    31 |     1 ||    37
